 Dungeon Crawl Stone Soup version 0.31-a0-965-g8a8ce12e04 (webtiles) character file.

Game seed: 13334413594314459002

249 tsujin the Magician (level 6, -1/43 HPs)
             Began as a Djinni Conjurer on Oct 26, 2023.
             Slain by Maggie
             ... wielding a +0 glaive
              (4 damage)
             ... on level 6 of the Dungeon.
             The game lasted 00:07:13 (2290 turns).

tsujin the Magician (Djinni Conjurer)               Turns: 2290, Time: 00:07:13

Health: -1/43      AC:  5    Str:  6    XL:     6   Next: 35%
Gold:   103        EV: 12    Int: 21    God:
                   SH:  0    Dex: 12

rFire   + + .        f - +1 whip
rCold   x . .        (no shield)
rNeg    . . .        a - +0 robe
rPois   ∞            k - +0 helmet
rElec   .            c - +0 cloak
rCorr   .            i - +0 pair of gloves
SInv    .            (boots unavailable)
Will    .....        (no amulet)
Stlth   ++           (no ring)
HPRegen 0.27/turn    (no ring)
MPRegen 0.00/turn

%: infuse magic (-2 HP)
@: flying
A: sickness immunity, fire resistance 2, cold vulnerability 1, float, innate
caster, HP casting, extra vitality 1
a: no special abilities


You were on level 6 of the Dungeon.
You visited 1 branch of the dungeon, and saw 4 of its levels.

You collected 103 gold pieces.

Inventory:

Hand Weapons
 f - a +1 whip (weapon)
Armour
 a - a +0 robe (worn)
 c - a +0 cloak (worn)
 i - a +0 pair of gloves (worn)
 k - a +0 helmet (worn)
Scrolls
 g - 2 scrolls of fog
 n - a scroll of vulnerability
Potions
 b - a potion of mutation {unknown}
 d - a potion of enlightenment {unknown}
 h - a potion of magic {unknown}
 j - a potion of haste {unknown}
 l - a potion of might {unknown}
 m - a potion of invisibility {unknown}


   Skills:
 + Level 1.7 Fighting
 + Level 3.1 Dodging
 + Level 2.4 Stealth
 * Level 4.8 Spellcasting
 * Level 4.8 Conjurations
 * Level 4.8 Hexes
   Level 0.0 Charms
 * Level 4.8 Summonings
 * Level 4.8 Necromancy
 * Level 4.8 Translocations
 * Level 4.8 Transmutations
 * Level 4.8 Fire Magic
 * Level 4.8 Ice Magic
 * Level 4.8 Air Magic
 * Level 4.8 Earth Magic
 * Level 4.8 Poison Magic


You knew the following spells:

 Your Spells              Type           Power      Damage    Failure   Level
a - Magic Dart            Conj           100%       1d8       1%          1
b - Searing Ray           Conj           50%        2d6       2%          2
c - Dazzling Flash        Conj/Hex       50%        N/A       4%          3
d - Fulminant Prism       Conj/Hex       12%        3d8       14%         4
e - Iskenderun's Mystic   Conj/Tloc      25%        2d7       14%         4
f - Freeze                Ice            100%       1d10      1%          1
g - Poisonous Vapours     Pois/Air       50%        N/A       2%          2
Your spell library was empty.

Dungeon Overview and Level Annotations

Branches:
Dungeon (3/15)

Altars:

Shops:
D:1 *

Annotations:
D:6 Maggie


Innate Abilities, Weirdness & Mutations

You are immune to sickness and miasma.
You are immune to poison.
Your flesh is very heat resistant. (rF++)
You are vulnerable to cold. (rC-)
You float through the air rather than walking.
You learn spells naturally, not from books.
Your magical power is your life essence.
You have superior vitality. (+4 MHP)


Message History

You take 4 damage, and have 13/43 hp.
Maggie attacks as she pursues you!
Maggie hits you from afar with a +0 glaive.
Your fulminant prism crackles loudly.
You feel much better.
Maggie practices a pose.
Maggie casts a spell at you. The bolt of fire hits you! You resist.
Your fulminant prism explodes!
The blast of energy engulfs Maggie.
Maggie is severely wounded.
You regained 18 hp, and now have 31/43 hp.
Casting: Fulminant Prism (quite dangerous; 14% risk of failure)
Confirm with . or Enter, or press ? or * to list all spells.
Aiming: Searing Ray (safe; 2% risk of failure)
Press: ? - help, Shift-Dir - straight line, f - Maggie
Aim: Maggie, wielding a +0 glaive and wearing +0 swamp dragon scales (severely wounded, 82% to hit)
The searing ray hits Maggie.
Maggie is severely wounded. (Press . to maintain the ray.) Maggie completely misses you.
You take 2 damage, and have 29/43 hp.
The searing ray hits Maggie but does no damage.
Maggie is severely wounded.
Maggie barely misses you.
The searing ray hits Maggie but does no damage.
Maggie is severely wounded.
Maggie hits you from afar with a +0 glaive!!
* * * LOW HITPOINT WARNING * * *
You take 19 damage, and have 10/43 hp.
MASSIVE DAMAGE!!
The searing ray hits Maggie.
Maggie is severely wounded.
* * * LOW HITPOINT WARNING * * *
You finish channelling your searing ray.
Maggie hits you from afar with a +0 glaive.
* * * LOW HITPOINT WARNING * * *
You take 7 damage, and have 3/43 hp.
Maggie attacks as she pursues you!
Maggie hits you from afar with a +0 glaive.
You die...

o.o....⌠.......
#.).# +#)#+ #.#
#)# #.# ##.##
##...#########..
#.....@.@.......
################


You could see Maggie.

Vanquished Creatures
  2 orc priests (D:3)
  A sleepcap (D:3)
  5 gnolls (D:3)
  4 adders
  A worm (D:2)
  3 dart slugs
  6 orcs
  5 bats
  3 endoplasms
  2 giant cockroaches (D:1)
  7 goblins
  A hobgoblin (D:1)
  4 jackals (D:3)
  6 kobolds
  6 quokkas
  6 ball pythons
  4 frilled lizards
  5 rats
71 creatures vanquished.

Vanquished Creatures (others)
  An orc (D:6)
  5 fulminant prisms
6 creatures vanquished.

Grand Total: 77 creatures vanquished

Notes
Turn   | Place    | Note
-------+----------+-------------------------------------------
     0 | D:1      | tsujin the Djinni Conjurer began the quest for the Orb.
     0 | D:1      | tsujin set off with the following spells memorised: Magic
                  | Dart, Searing Ray, Dazzling Flash, Fulminant Prism,
                  | Iskenderun's Mystic Blast.
     0 | D:1      | Reached XP level 1. HP: 15/15 MP: 0/0
   100 | D:1      | Found a faded altar of an unknown god.
   136 | D:1      | Reached XP level 2. HP: 20/21 MP: 0/0
   532 | D:1      | Found Junwaeja's General Store.
   586 | D:1      | Reached XP level 3. HP: 24/25 MP: 0/0
   586 | D:1      | Learned a level 1 spell: Freeze
  1077 | D:2      | Reached XP level 4. HP: 23/31 MP: 0/0
  1781 | D:3      | Reached XP level 5. HP: 31/36 MP: 0/0
  1781 | D:3      | Learned a level 2 spell: Poisonous Vapours
  1785 | D:3      | Reached skill level 1 in Fighting
  1965 | D:3      | Reached XP level 6. HP: 39/42 MP: 0/0
  2244 | D:3      | You are sucked into a shaft and drop 3 floors!
  2256 | D:6      | Noticed Maggie
  2290 | D:6      | Slain by Maggie

Illustrated notes

Levels and vault maps discovered:
D:1:      orjb1_clovarrival, layout_basic, serial_shops,
          nicolae_shop_hallway_stairs, ebering_ecumenical_altar_hall
D:2:      layout_loops_ring
D:3:      lemuel_castle_with_subvaults [lemuel_castle_interior_carwin_2],
          layout_loops_ring, mainiacjoe_overflow_alcove_4
D:6:      layout_basic, grunt_temple_overflow_cloverleaf, serial_shops, shop,
          shop, shop, shop, uniq_maggie

Skill      XL: |  1  2  3  4  5  6 |
---------------+-------------------+-----
Spellcasting   | 4 |  4.8
Conjurations   | 4 |  4.8
Hexes          | 4 |  4.8
Summonings     | 4 |  4.8
Necromancy     | 4 |  4.8
Translocations | 4 |  4.8
Transmutations | 4 |  4.8
Fire Magic     | 4 |  4.8
Ice Magic      | 4 |  4.8
Air Magic      | 4 |  4.8
Earth Magic    | 4 |  4.8
Poison Magic   | 4 |  4.8
Fighting       | 1 |  1.7
Stealth        | 2 |  2.4
Dodging        | 3 |  3.1

Action                     |  1- 3 |  4- 6 || total
---------------------------+-------+-------++-------
   Cast: Magic Dart        |    53 |    74 ||   127
         Searing Ray       |     2 |     9 ||    11
         Fulminant Prism   |       |     5 ||     5
    Use: Scroll            |     2 |     6 ||     8
         Potion            |       |     2 ||     2
 Armour: Robe              |     3 |    18 ||    21
  Dodge: Dodged            |     1 |    18 ||    19

Table legend: (Time is in decaauts)
 A = Elapsed time spent in this place.
 B = Non-inter-level travel time spent in this place.
 C = Inter-level travel time spent in this place.
 D = Time resting spent in this place.
 E = Time spent auto-exploring this place.
 F = Levels seen in this place.
 G = Mean time per level.
                   A        B        C        D        E       F      G
               +--------+--------+--------+--------+--------+-----+--------+
         Total |   2288 |   2211 |     77 |    105 |   1761 |   4 |  572.0 |
       Dungeon |   2288 |   2211 |     77 |    105 |   1761 |   4 |  572.0 |
               +--------+--------+--------+--------+--------+-----+--------+

Top non-repeatable levels by time:
     D:1: 941 daAuts
     D:2: 834 daAuts
     D:3: 467 daAuts
     D:6: 45 daAuts
